 Dungeon Crawl Stone Soup version 0.17-a0-1150-g17b0b87 (webtiles) character file.

416375 ohyou the Imperceptible (level 22, 0/176 HPs)
             Began as a Vampire Enchanter on May 26, 2015.
             Was the Champion of Dithmenos.
             Killed from afar by a hellion (31 damage)
             ... with a burst of hellfire
             ... summoned by a deep elf demonologist
             ... on level 3 of the Elven Halls on May 27, 2015.
             The game lasted 09:14:14 (73009 turns).

ohyou the Imperceptible (Vampire Enchanter)        Turns: 73009, Time: 09:14:14

Health: 0/176      AC: 12    Str: 10    XL:     22   Next: 25%
Magic:  33/45      EV: 34    Int: 22    God:    Dithmenos [******]
Gold:   2037       SH:  7    Dex: 30    Spells: 11 memorised, 13 levels left

rFire  + + .     SeeInvis +     U - +6 quick blade (pierce)
rCold  + + +     Clarity  .     t - +2 robe {MR+}
rNeg   + + +     SustAt   .     w - +0 buckler "Sossozic" {rF+ Str+4 Int+4}
rPois  +         Gourm    .     b - +0 helmet {SInv}
rElec  .         Spirit   .     E - +2 cloak
rCorr  .         Warding  +     s - +0 pair of gloves {Dex+3}
rMut   .         Stasis   .     o - +2 pair of boots of the Assassin {DetectMon Stab+ Stlth++}
MR     +++..                    e - amulet of warding
Stlth  ++++++++++               M - ring "Noxigi" {rF+ rC+ Str-2 Dex+2 SInv}
                                W - ring "Afikk" {rC+ MP+9 Dex+2}

@: regenerating slowly, wreathed by umbra, studying Stealth, extremely resistant
to hostile enchantments, uncannily stealthy
A: fangs 3, see invisible, unbreathing
a: Bat Form, Shadow Step, Shadow Form, Renounce Religion
}: 3/15 runes: serpentine, barnacled, silver


You were on level 3 of the Elven Halls.
You worshipped Dithmenos.
Dithmenos was exalted by your worship.
You were near bloodless.

You visited 8 branches of the dungeon, and saw 44 of its levels.
You visited 1 bazaar.
You also visited: Ice Cave.

You collected 5723 gold pieces.
You spent 3686 gold pieces at shops.

Inventory:

Hand weapons
 U - a +6 quick blade of piercing (weapon)
Armour
 b - a +0 helmet of see invisible (worn)
 l - a +2 robe of positive energy
 o - the +2 pair of boots of the Assassin (worn) {DetectMon Stab+ Stlth++}
   (You bought it in a shop in a bazaar)

   It makes you much more stealthy.
 s - a +0 pair of gloves of dexterity (worn)
 t - a +2 robe of magic resistance (worn)
 w - the +0 buckler "Sossozic" (worn) {rF+ Str+4 Int+4}
   (You took it off a hobgoblin on level 4 of the Dungeon)

   It affects your strength (+4).
   It affects your intelligence (+4).
   It protects you from fire.
 E - a +2 cloak (worn)
Jewellery
 e - an amulet of warding (around neck)
 p - an uncursed ring of protection from cold
 r - an uncursed ring of magical power
 M - the ring "Noxigi" (right hand) {rF+ rC+ Str-2 Dex+2 SInv}
   (You found it on level 7 of the Lair of Beasts)

   [ring of protection from cold]

   It affects your strength (-2).
   It affects your dexterity (+2).
   It protects you from fire.
   It protects you from cold.
   It lets you see invisible.
 N - an uncursed amulet of resist mutation
 S - an uncursed ring of protection from magic
 W - the ring "Afikk" (left hand) {rC+ MP+9 Dex+2}
   (You found it on level 4 of the Shoals)

   [ring of magical power]

   It affects your dexterity (+2).
   It protects you from cold.
   It affects your magic capacity (+9).
 Z - an uncursed ring of magical power
Magical devices
 g - a wand of teleportation (8)
 J - a wand of digging (11)
 O - a wand of enslavement (11)
Scrolls
 a - 2 scrolls of enchant armour
 d - 10 scrolls of remove curse
 h - 2 scrolls of recharging
 j - 10 scrolls of fear
 m - 2 scrolls of identify
 q - 13 scrolls of magic mapping
 u - 4 scrolls of blinking
 y - 11 scrolls of teleportation
 K - 3 scrolls of fog
 P - 2 scrolls of amnesia
Potions
 i - 15 potions of haste
 k - 2 potions of flight
 n - 2 potions of blood
 v - 4 potions of might
 z - 9 potions of brilliance
 A - 4 potions of heal wounds
 C - 5 potions of agility
 G - 3 potions of curing
 V - 3 potions of resistance
Books
 c - the Collected Works on Supportive Arcane Weapons
   (You found it on level 1 of the Elven Halls)

   Spells                             Type                      Level
   a - Mephitic Cloud                 Conjuration/Poison/Air       3
   b - Recall                         Summoning/Translocation      3
   c - Summon Lightning Spire         Summoning/Air                4
   d - Bolt of Cold                   Conjuration/Ice              6
 f - a book of Annihilations {highlevel, unknown}

   This book is beyond your current level of understanding.

   Spells                             Type                      Level
   a - Poison Arrow                   Conjuration/Poison           6
   b - Chain Lightning                Conjuration/Air              8
   c - Lehudib's Crystal Spear        Conjuration/Earth            8
   d - Glaciate                       Conjuration/Ice              9
   e - Fire Storm                     Conjuration/Fire             9
 F - a manual of Stealth
 Y - a book of the Warp

   Spells                             Type                      Level
   a - Recall                         Summoning/Translocation      3
   b - Gell's Gravitas                Hexes/Translocation          3
   c - Control Teleport               Charms/Translocation         4
   d - Force Lance                    Conjuration/Translocation    4
   e - Phase Shift                    Translocation                5
   f - Warp Weapon                    Charms/Translocation         5
   g - Summon Forest                  Summoning/Translocation      5


   Skills:
 * Level 15.6 Fighting
 - Level 10.1 Short Blades
   Level 1.7 Maces & Flails
 * Level 18.8 Dodging
 * Level 25.9 Stealth
 - Level 4.5 Shields
 - Level 10.7 Spellcasting
 * Level 8.6 Conjurations
 - Level 17.4 Hexes
 * Level 12.4 Charms
 - Level 3.0 Summonings
 - Level 4.2 Translocations
 * Level 11.2 Ice Magic
 - Level 1.8 Invocations


You had 13 spell levels left.
You knew the following spells:

 Your Spells              Type           Power        Failure   Level  Hunger
a - Corona                Hex            ######.      0%          1    None
b - Ensorcelled Hibernat  Hex/Ice        ######       1%          2    None
c - Confuse               Hex            ######..     0%          3    None
d - Tukima's Dance        Hex            ######..     0%          3    None
e - Dazzling Spray        Conj/Hex       ######..     1%          3    None
f - Ozocubu's Armour      Chrm/Ice       ######..     1%          3    None
g - Blink                 Tloc           N/A          1%          2    None
h - Apportation           Tloc           ####......   1%          1    None
i - Summon Butterflies    Summ           ###.....     1%          1    None
j - Control Teleport      Chrm/Tloc      #####.....   1%          4    #......
k - Bolt of Cold          Conj/Ice       ######....   17%         6    ######.


Dungeon Overview and Level Annotations

Branches:
Dungeon (15/15)            Temple (1/1) D:7            Lair (8/8) D:10
 Shoals (4/4) Lair:6        Snake (4/4) Lair:6        Slime (0/6) Lair:6
    Orc (4/4) D:10            Elf (3/3) Orc:3        Vaults (5/5) D:14
  Crypt (0/3) Vaults:3     Depths (0/5) D:15

Altars:
Ashenzari
Cheibriados
Dithmenos
Elyvilon
Fedhas
Gozag
Kikubaaqudgha
Makhleb
Nemelex Xobeh
Okawaru
Qazlal
Ru
Sif Muna
Trog
Vehumet
Xom
Yredelemnul
Zin
The Shining One
Beogh
Jiyva

Shops:
D:6 (   D:15 !   Orc:4 *[[(   Elf:2 (   Vaults:5 ?%?%!??%

Annotations:
D:7 exclusion: 2 centaurs
D:11 4 runed doors
Lair:1 exclusion: electric eel
Lair:2 1 exclusion
Lair:7 asdu's ghost, powerful DsTm
Lair:8 exclusion: oklob plant
Shoals:1 exclusion: Roxanne, Roxanne


Innate Abilities, Weirdness & Mutations

You heal slowly.
You have razor-sharp teeth.
You have supernaturally acute eyesight.
You can survive without breathing.


Message History

You feel agile.
You feel resistant to hostile enchantments.
You feel your magic capacity increase. The deep elf blademaster misses you.
The deep elf blademaster hits you with a rapier!!
* * * LOW HITPOINT WARNING * * *
You emit a cloud of dark smoke.
The deep elf blademaster hits you with a rapier!!
* * * LOW HITPOINT WARNING * * *
The deep elf blademaster misses you.
Evoke which item? (* to show all) (? for menu, Esc to quit)
Okay, then.
Casting: Confuse
Confirm with . or Enter, or press ? or * to list all spells.
You blink.
The deep elf demonologist shouts!
A deep elf sorcerer comes into view. It is wielding a short sword.
The deep elf sorcerer shouts!
The deep elf priest shouts!
The hellion gestures at you.
The hellfire explodes!
The burst of hellfire engulfs you!
You die...

.#.# e##...........#
)#.#
.....##...e......#
.#.#
..eP.......e⌠.....##
.#.#
...................##
.#.#
.........(......e...#
..##
............)....)..#
.## {
e...x...e...........#
.#
e............#......#
.##
#..).@.)..##.....#
..##
##..e......###)...#
##.#
#.(.4x23....###...#
###
#.....##e##...%.###.#
....## #e####...)...#
{ ..# #§# ###.....# #
#§# ###...# #§# ###.#
#(# ###


You could see a deep elf blademaster, a deep elf annihilator, a deep elf
sorcerer, 3 deep elf demonologists, a smoke demon, a hellion, a blue devil and a
deep elf priest.

Vanquished Creatures
  An ancient lich (Vaults:5)
  Mennas (Vaults:3)
  Norris (Elf:3)
  Saint Roka (Snake:2)
  Nikola (Vaults:1)
  Jorgrun (Vaults:3)
  3 tentacled monstrosities (Vaults:5)
  Rupert (Orc:3)
  A lich (Vaults:5)
  2 deep elf master archers (Elf:3)
  2 titans (Vaults:5)
  2 deep elf blademasters
  6 sphinxes
  2 krakens
  3 quicksilver dragons (Vaults:5)
  6 shadow dragons
  8 greater nagas
  A storm dragon (Vaults:4)
  4 tengu reavers
  Ilsuiw (Shoals:3)
  Donald (Orc:4)
  3 fire giants (Vaults:5)
  Maud (D:12)
  The ghost of totalnoob the Fighter, a powerful DsFi of Okawaru (Orc:3)
  3 deep elf sorcerers
  4 frost giants
  Aizul (Vaults:4)
  2 orc warlords
  11 vault wardens
  7 ironheart preservers
  A vampire knight (Vaults:3)
  A war gargoyle (Vaults:1)
  4 deep elf demonologists (Elf:3)
  8 stone giants
  Nessos (D:13)
  4 deep elf annihilators
  3 deep elf death magi
  Snorg (D:13)
  3 merfolk javelineers
  A green death (Elf:3)
  5 merfolk impalers
  5 ettins
  3 fire dragons
  Josephine (Shoals:1)
  3 deep elf high priests
  29 vault guards
  A rakshasa (D:15)
  2 great orbs of eyes
  Harold (Orc:2)
  10 yaktaur captains
  10 hydras
  A ghost crab (shapeshifter) (Vaults:5)
  3 ice dragons
  14 naga warriors
  An entropy weaver (Vaults:2)
  4 merfolk avatars
  Erolcha (D:13)
  11 ogre magi
  12 dancing weapons (Elf:2)
  A vampire mage (Vaults:3)
  An alligator snapping turtle (Shoals:4)
  11 anacondas
  5 centaur warriors
  3 merfolk aquamancers
  4 salamander stormcallers
  3 death yaks (Lair:8)
  22 naga sharpshooters
  An orc high priest (Orc:4)
  A satyr (Shoals:3)
  7 shock serpents
  22 deep elf knights
  Sonja (D:12)
  3 fire crabs
  A fire crab (shapeshifter) (Vaults:5)
  9 sea snakes
  3 deep trolls
  2 giant orange brains
  10 naga ritualists
  2 swamp dragons (shapeshifter)
  4 phantasmal warriors (Vaults:5)
  4 wizards
  23 deep elf conjurers
  2 unseen horrors
  A harpy (shapeshifter) (Vaults:1)
  17 ironbrand convokers
  9 mana vipers
  7 hill giants
  13 deep elf summoners
  17 harpies
  5 salamanders
  13 griffons
  A wolf spider zombie (D:13)
  2 necromancers
  18 orc knights
  5 orc sorcerers
  4 wolf spiders
  A hornet (shapeshifter) (D:15)
  4 water nymphs (Shoals:4)
  5 fauns (Shoals:3)
  17 ugly things
  10 manticores
  50 black mambas
  A salamander (shapeshifter) (Elf:3)
  9 sirens
  2 hornets
  A guardian serpent (shapeshifter) (Vaults:3)
  4 cyclopes
  22 naga magi
  Maurice (D:13)
  12 elephants
  4 guardian serpents
  13 spiny frogs
  An eye of devastation (shapeshifter) (Vaults:1)
  11 vault sentinels
  2 gargoyles (D:14)
  A torpor snail (Lair:6)
  2 centaur skeletons
  3 orange demons (Elf:1)
  10 komodo dragons
  A yaktaur (shapeshifter) (Elf:1)
  2 fire drakes
  13 freezing wraiths
  40 yaktaurs
  2 trolls (shapeshifter)
  A fire drake (shapeshifter) (Vaults:5)
  28 merfolk
  2 polar bears (Lair:8)
  6 trolls
  13 slime creatures
  2 polar bears (shapeshifter)
  14 deep elf priests
  28 blink frogs
  A jumping spider (Elf:2)
  A blink frog (shapeshifter) (D:15)
  A frost giant simulacrum (Vaults:2)
  3 boulder beetles
  A human simulacrum (Vaults:2)
  3 wind drakes
  A stone giant simulacrum (Vaults:2)
  14 two-headed ogres
  7 snapping turtles
  2 redbacks
  A slime creature (shapeshifter) (Elf:2)
  2 shadows
  21 deep elf magi
  73 yaks
  2 humans (shapeshifter)
  A hog (shapeshifter) (D:15)
  2 fire bats (Lair:7)
  A hippogriff (shapeshifter) (Vaults:1)
  2 wyverns
  3 hungry ghosts
  A steam dragon (D:10)
  20 vampire mosquitoes
  17 wolves
  3 water elementals (Shoals:4)
  24 deep elf fighters
  2 basilisks
  5 wraiths
  7 hippogriffs
  46 nagas
  4 mottled dragons
  9 wargs
  20 water moccasins
  4 sky beasts
  55 orc warriors
  8 porcupines
  4 black bears
  2 eyes of draining
  An eye of draining (shapeshifter) (Vaults:1)
  2 ice beasts
  2 phantoms
  4 wasps
  7 boggarts
  30 ogres
  5 centaurs
  A big kobold (D:9)
  13 crocodiles
  13 giant frogs
  A wyvern zombie (D:14)
  8 scorpions
  A wyvern skeleton (D:12)
  3 wights (D:6)
  20 killer bees
  An electric eel (Lair:7)
  A centaur zombie (D:7)
  A giant frog zombie (D:7)
  7 crimson imps
  31 orc priests
  6 hounds
  3 giant frog skeletons
  Crazy Yiuf (D:6)
  Ijyb (D:3)
  16 iguanas
  A quasit (D:12)
  4 jellies
  45 orc wizards
  Natasha (thrice) (D:2 D:1)
  5 hell rats
  10 worker ants
  16 sheep
  A hound zombie (D:5)
  3 hound skeletons
  A worker ant zombie (D:5)
  18 adders
  8 gnolls
  40 river rats
  2 shadow imps
  3 oozes
  A worm (shapeshifter) (Vaults:2)
  An adder skeleton (D:9)
  An adder zombie (D:8)
  8 worms
  7 giant geckos
  225 orcs
  A bat skeleton (D:7)
  6 giant cockroaches
  20 goblins
  16 hobgoblins
  8 jackals
  15 kobolds
  10 quokkas
  A ball python (D:6)
  10 bats
  A giant cockroach zombie (D:6)
  12 giant newts
  A jackal skeleton (D:6)
  2 quokka skeletons
  2 quokka zombies
  41 rats
  A butterfly (Lair:4)
  3 crawling corpses (Elf:3)
  2 fungi
  A plant (Shoals:4)
1929 creatures vanquished.

Vanquished Creatures (collateral kills)
  Frederick (Vaults:3)
  A vault warden (Vaults:2)
  Louise (Shoals:1)
  A deep elf annihilator (Elf:3)
  3 merfolk impalers
  A merfolk aquamancer (Shoals:4)
  An ironbrand convoker (Vaults:1)
  A wizard (Vaults:2)
  A siren (Shoals:2)
  2 merfolk (Shoals:3)
  3 yaktaurs
  A fire vortex (Vaults:2)
  A snapping turtle (Shoals:3)
  A wraith (Vaults:1)
  2 orc warriors (Vaults:1)
  An orc priest (Vaults:1)
  2 orcs (Vaults:1)
24 creatures vanquished.

Vanquished Creatures (others)
  A vault warden (Vaults:2)
  A merfolk aquamancer (Shoals:4)
  6 dancing weapons
  A naga sharpshooter (Snake:4)
  A giant orange brain (Vaults:1)
  An ironbrand convoker (Vaults:1)
  An ugly thing (Vaults:1)
  A demonic crawler (Elf:3)
  A deep elf priest (Elf:3)
  A polar bear (shapeshifter) (Elf:3)
  A fire vortex (Vaults:2)
  A slime creature (Vaults:2)
  A human (shapeshifter) (Vaults:1)
  An orc warrior (Vaults:5)
  A boggart (Vaults:1)
  2 lost souls (Elf:3)
  An orc wizard (Vaults:5)
  An orc (Orc:4)
  5 butterflies (Vaults:1)
  11 fungi
  8 tentacles (Shoals:4)
  62 tentacle segments (Shoals:4)
110 creatures vanquished.

Grand Total: 2063 creatures vanquished

Notes
Turn   | Place    | Note
--------------------------------------------------------------
     0 | D:1      | ohyou the Vampire Enchanter began the quest for the Orb.
     0 | D:1      | Reached XP level 1. HP: 13/13 MP: 3/3
   491 | D:1      | Reached skill level 1 in Fighting
   491 | D:1      | Reached XP level 2. HP: 19/21 MP: 5/5
   665 | D:1      | Learned a level 2 spell: Ensorcelled Hibernation
  1052 | D:1      | Reached XP level 3. HP: 26/26 MP: 6/6
  1247 | D:2      | Noticed Natasha
  1250 | D:2      | Killed Natasha
  1250 | D:2      | Reached skill level 5 in Hexes
  1287 | D:2      | Found a basalt altar of Yredelemnul.
  1330 | D:2      | Reached skill level 5 in Stealth
  1330 | D:2      | Reached XP level 4. HP: 32/32 MP: 7/7
  1335 | D:2      | Learned a level 3 spell: Confuse
  1438 | D:2      | Found a sparkling altar of Nemelex Xobeh.
  1470 | D:2      | Noticed Natasha
  1536 | D:2      | Found a white marble altar of Elyvilon.
  1777 | D:1      | Killed Natasha
  2074 | D:2      | Reached skill level 1 in Ice Magic
  2074 | D:2      | Reached XP level 5. HP: 32/38 MP: 5/8
  2369 | D:1      | Noticed Natasha
  2380 | D:1      | Killed Natasha
  2856 | D:2      | Found a blossoming altar of Fedhas.
  3528 | D:3      | Noticed Ijyb
  3721 | D:3      | Found a white marble altar of Elyvilon.
  3989 | D:3      | Killed Ijyb
  3989 | D:3      | Reached skill level 6 in Hexes
  4268 | D:4      | Reached XP level 6. HP: 38/44 MP: 9/9
  4270 | D:4      | Noticed an ogre
  4320 | D:4      | Killed an ogre
  4338 | D:4      | Noticed an ogre
  4372 | D:4      | Killed an ogre
  4864 | D:4      | Found a bloodstained altar of Trog.
  4923 | D:4      | Reached XP level 7. HP: 51/51 MP: 7/10
  5644 | D:4      | Got a brightly glowing buckler
  5648 | D:4      | Identified the +0 buckler "Sossozic" {rF+ Str+4 Int+4} (You took it off a hobgoblin on level 4 of the Dungeon)
  6160 | D:5      | Entered Level 5 of the Dungeon
  6200 | D:5      | Reached skill level 1 in Shields
  6441 | D:5      | Found a glowing golden altar of the Shining One.
  6683 | D:5      | Reached skill level 7 in Stealth
  6683 | D:5      | Reached XP level 8. HP: 58/58 MP: 12/12
  7146 | D:6      | Found a radiant altar of Vehumet.
  7162 | D:6      | Reached skill level 5 in Short Blades
  7269 | D:6      | Found a deep blue altar of Sif Muna.
  7276 | D:6      | Reached skill level 8 in Stealth
  7717 | D:5      | Learned a level 3 spell: Tukima's Dance
  8189 | D:6      | Found Tanur's Antique Weapon Boutique.
  8287 | D:6      | Noticed Crazy Yiuf
  8293 | D:6      | Killed Crazy Yiuf
  8694 | D:7      | Reached XP level 9. HP: 65/65 MP: 14/14
  8867 | D:7      | Found a staircase to the Ecumenical Temple.
  8873 | Temple   | Entered the Ecumenical Temple
  8912 | Temple   | Became a worshipper of Dithmenos the Shadowed
  9123 | D:7      | Reached skill level 5 in Dodging
  9907 | D:8      | Found a stormy altar of Qazlal.
 10136 | D:8      | Reached skill level 9 in Stealth
 10932 | D:9      | Noticed a moth of wrath
 10935 | D:9      | Found a bloodstained altar of Trog.
 11760 | D:10     | Entered Level 10 of the Dungeon
 11767 | D:10     | Reached skill level 10 in Stealth
 11913 | D:9      | Learned a level 3 spell: Dazzling Spray
 11979 | D:10     | Acquired Dithmenos's first power
 12009 | D:10     | Reached XP level 10. HP: 73/73 MP: 13/16
 12085 | D:10     | Found a staircase to the Orcish Mines.
 12099 | D:10     | Found a roughly hewn altar of Beogh.
 12242 | D:10     | Found a staircase to the Lair.
 12339 | D:10     | Found a snail-covered altar of Cheibriados.
 12644 | D:10     | Noticed a hill giant
 12676 | D:10     | Killed a hill giant
 12676 | D:10     | Reached skill level 11 in Stealth
 13048 | Lair:1   | Entered Level 1 of the Lair of Beasts
 13119 | Lair:1   | Reached skill level 5 in Fighting
 13347 | Lair:1   | Reached skill level 12 in Stealth
 13930 | Lair:2   | Noticed an elephant
 13930 | Lair:2   | Noticed an elephant
 13930 | Lair:2   | Noticed an elephant
 13931 | Lair:2   | Noticed an elephant
 13931 | Lair:2   | Noticed an elephant
 13938 | Lair:1   | Killed an elephant
 13938 | Lair:1   | Reached XP level 11. HP: 80/80 MP: 15/18
 14000 | Lair:2   | Reached skill level 5 in Spellcasting
 14132 | Lair:2   | Acquired Dithmenos's second power
 14375 | Lair:2   | Noticed a fire dragon
 14564 | Lair:1   | Killed an elephant
 14604 | Lair:2   | Killed an elephant
 14659 | Lair:2   | Killed an elephant
 14924 | Lair:2   | Killed an elephant
 15231 | Lair:1   | Gained mutation: You can breathe flames. [potion of beneficial mutation]
 15308 | Lair:3   | Reached skill level 13 in Stealth
 15432 | Lair:3   | Reached skill level 10 in Hexes
 16186 | Lair:4   | Noticed a seven-headed hydra
 16188 | Lair:4   | Killed a seven-headed hydra
 16188 | Lair:4   | Reached skill level 14 in Stealth
 16188 | Lair:4   | Reached XP level 12. HP: 88/88 MP: 20/20
 16411 | Lair:4   | Acquired Dithmenos's third power
 16411 | Lair:4   | Reached skill level 10 in Short Blades
 17029 | Lair:4   | Reached skill level 10 in Dodging
 17514 | Lair:4   | Reached skill level 15 in Stealth
 18246 | Lair:6   | Noticed an eight-headed hydra
 18247 | Lair:6   | Killed an eight-headed hydra
 18279 | Lair:6   | Found a viscous altar of Jiyva.
 18280 | Lair:6   | Found a staircase to the Slime Pits.
 18554 | Lair:6   | Noticed a four-headed hydra
 18557 | Lair:6   | Found a white marble altar of Elyvilon.
 18560 | Lair:6   | Killed a four-headed hydra
 18560 | Lair:6   | Reached XP level 13. HP: 96/96 MP: 22/22
 18899 | Lair:6   | Found a staircase to the Snake Pit.
 19082 | Lair:6   | Found a staircase to the Shoals.
 19486 | Lair:7   | Got a fine turquoise ring
 19487 | Lair:7   | Identified the ring "Noxigi" {rF+ rC+ Str-2 Dex+2 SInv} (You found it on level 7 of the Lair of Beasts)
 19600 | Lair:7   | Acquired Dithmenos's fourth power
 20246 | Lair:7   | Noticed asdu's ghost (powerful DsTm)
 20323 | Lair:7   | Reached skill level 16 in Stealth
 20327 | Lair:7   | Reached skill level 5 in Ice Magic
 21681 | Orc:1    | Entered Level 1 of the Orcish Mines
 21974 | Orc:1    | Found a roughly hewn altar of Beogh.
 22591 | Orc:3    | Noticed Rupert
 22616 | Orc:3    | Killed Rupert
 22857 | Orc:3    | Noticed totalnoob's ghost (powerful DsFi)
 22889 | Orc:2    | Noticed Harold
 22901 | Orc:2    | Killed Harold
 23266 | Orc:1    | Found a bloodstained altar of Trog.
 23450 | Orc:3    | Found a staircase to the Elven Halls.
 23503 | Orc:3    | Found a roughly hewn altar of Beogh.
 24054 | Lair:1   | Gained mutation: Your magical capacity is low (-10% MP). [potion of mutation]
 24054 | Lair:1   | Gained mutation: Your spells are a little easier to cast, but a little less powerful. [potion of mutation]
 24054 | Lair:1   | Gained mutation: Your system is resistant to poisons. [potion of mutation]
 24063 | Lair:1   | Lost mutation: Your magical capacity is low (-10% MP). [potion of cure mutation]
 24063 | Lair:1   | Lost mutation: Your system is resistant to poisons. [potion of cure mutation]
 24063 | Lair:1   | Lost mutation: Your spells are a little easier to cast, but a little less powerful. [potion of cure mutation]
 24063 | Lair:1   | Lost mutation: You can breathe flames. [potion of cure mutation]
 24212 | Lair:8   | Entered Level 8 of the Lair of Beasts
 24239 | Lair:8   | Found a frozen archway.
 24257 | IceCv    | Entered an ice cave
 24788 | Lair:8   | Reached skill level 17 in Stealth
 24882 | Lair:8   | Reached XP level 14. HP: 108/108 MP: 19/23
 26425 | Orc:4    | Entered Level 4 of the Orcish Mines
 26427 | Orc:4    | Noticed Donald
 26430 | Orc:4    | Killed Donald
 26809 | Orc:4    | Learned a level 3 spell: Ozocubu's Armour
 26907 | Orc:4    | Found a roughly hewn altar of Beogh.
 26913 | Orc:4    | Found Myacoerph's Armour Shop.
 26948 | Orc:4    | Bought a +0 pair of gloves of dexterity for 126 gold pieces
 27247 | Orc:4    | Found a roughly hewn altar of Beogh.
 27250 | Orc:4    | Found Xewon's General Store.
 27420 | Orc:4    | Found a roughly hewn altar of Beogh.
 28239 | Orc:4    | Found a roughly hewn altar of Beogh.
 28297 | Orc:4    | Found a roughly hewn altar of Beogh.
 28331 | Orc:4    | Reached skill level 10 in Fighting
 28504 | Orc:4    | Found a roughly hewn altar of Beogh.
 28623 | Orc:4    | Found a roughly hewn altar of Beogh.
 28743 | Orc:4    | Reached skill level 18 in Stealth
 28842 | Orc:4    | Noticed an orc warlord
 28869 | Orc:4    | Found Lippasyr's Antique Weapon Emporium.
 28870 | Orc:4    | Found a roughly hewn altar of Beogh.
 28872 | Orc:4    | Found Loedwaif's Antique Armour Shoppe.
 28901 | Orc:4    | Bought a runed helmet for 90 gold pieces
 29263 | Orc:4    | Killed an orc warlord
 29263 | Orc:4    | Reached skill level 1 in Invocations
 29703 | Orc:4    | Bought a pair of embroidered gloves for 90 gold pieces
 29703 | Orc:4    | Bought an encrusted leather armour for 140 gold pieces
 29703 | Orc:4    | Identified the cursed +0 leather armour of Nemelex Xobeh's Regard {Dex+2} (You bought it in a shop on level 4 of the Orcish Mines)
 29959 | D:6      | Bought a steaming rapier for 252 gold pieces
 29959 | D:6      | Identified the +9 rapier of an ossuary {holy, *Rage rF+ rN+ Str+4} (You bought it in a shop on level 6 of the Dungeon)
 30049 | D:10     | Upgraded the game from 0.17-a0-1141-g3e25b61 to 0.17-a0-1150-g17b0b87
 30347 | D:11     | Found a huge runed gate.
 30347 | D:11     | Found a huge runed gate.
 30347 | D:11     | Found a huge runed gate.
 30347 | D:11     | Found a huge runed gate.
 30498 | D:11     | Learned a level 2 spell: Blink
 30924 | D:12     | Noticed Maud
 30964 | D:12     | Noticed Sonja
 30975 | D:12     | Killed Sonja
 30997 | D:12     | Killed Maud
 31380 | D:13     | Reached skill level 1 in Charms
 31380 | D:13     | Reached XP level 15. HP: 117/117 MP: 22/25
 31414 | D:13     | Reached skill level 1 in Translocations
 31555 | D:13     | Noticed Erolcha
 31562 | D:13     | Killed Erolcha
 31573 | D:13     | Noticed Nessos
 31580 | D:13     | Killed Nessos
 31616 | D:13     | Noticed Snorg
 32258 | D:13     | Noticed Maurice
 32421 | D:13     | Killed Snorg
 32517 | D:13     | Killed Maurice
 33249 | D:14     | Found a shadowy altar of Dithmenos.
 33611 | D:15     | Entered Level 15 of the Dungeon
 33776 | D:15     | Found Jeasuad's Distillery.
 33790 | D:15     | Bought a potion of curing for 60 gold pieces
 33790 | D:15     | Bought a potion of heal wounds for 100 gold pieces
 33790 | D:15     | Bought a potion of invisibility for 160 gold pieces
 33790 | D:15     | Bought a potion of haste for 200 gold pieces
 34092 | D:15     | Found a staircase to the Depths.
 34520 | Lair:1   | Learned a level 1 spell: Apportation
 34634 | Snake:1  | Entered Level 1 of the Snake Pit
 34653 | Snake:1  | Reached skill level 19 in Stealth
 35100 | Snake:1  | Reached skill level 5 in Charms
 36069 | Snake:2  | Noticed Saint Roka
 37086 | Snake:2  | Noticed a greater naga
 37645 | Snake:2  | Killed Saint Roka
 37645 | Snake:2  | Reached XP level 16. HP: 126/126 MP: 10/27
 38222 | Snake:3  | Identified a +0 pair of boots of running (You found it on level 3 of the Snake Pit)
 38532 | Snake:3  | Found a burning altar of Makhleb.
 38982 | Snake:3  | Reached skill level 20 in Stealth
 39003 | Snake:4  | Entered Level 4 of the Snake Pit
 41629 | Snake:3  | Reached skill level 15 in Dodging
 45299 | Snake:4  | Reached XP level 17. HP: 69/135 MP: 7/29
 46340 | Snake:4  | Reached skill level 1 in Conjurations
 46349 | Snake:4  | Reached skill level 21 in Stealth
 46522 | Snake:4  | Got a serpentine rune of Zot
 47490 | Shoals:1 | Entered Level 1 of the Shoals
 47498 | Shoals:1 | Noticed Roxanne
 47618 | Shoals:1 | Noticed Louise
 47640 | Shoals:1 | Killed Louise
 47800 | Shoals:1 | Noticed Josephine
 47893 | Shoals:1 | Killed Josephine
 49633 | Shoals:3 | Reached skill level 15 in Hexes
 49704 | Shoals:3 | Learned a level 1 spell: Summon Butterflies
 50196 | Shoals:3 | asd
 50380 | Shoals:3 | Reached skill level 1 in Summonings
 50620 | Shoals:4 | Entered Level 4 of the Shoals
 50832 | Shoals:4 | Got a scintillating pewter ring
 50899 | Shoals:4 | Identified the ring "Afikk" {rC+ MP+9 Dex+2} (You found it on level 4 of the Shoals)
 51192 | Shoals:4 | Noticed Ilsuiw
 51660 | Shoals:3 | Killed Ilsuiw
 51660 | Shoals:3 | Reached XP level 18. HP: 123/143 MP: 5/31
 52486 | Shoals:4 | Got a barnacled rune of Zot
 53284 | D:14     | Reached skill level 22 in Stealth
 53436 | D:14     | Found a gate to the Vaults.
 53503 | Vaults:1 | Entered Level 1 of the Vaults
 53651 | Vaults:1 | Found a flickering gateway to a bazaar.
 53671 | Bazaar   | Entered a bazaar
 53673 | Bazaar   | Found Teotelee's Antique Armour Boutique.
 53677 | Bazaar   | Found Koghin's Armour Boutique.
 53677 | Bazaar   | Found Kaush's Antique Weapon Boutique.
 53678 | Bazaar   | Found Yjenulat's Gadget Boutique.
 53711 | Bazaar   | Bought the +2 pair of boots of the Assassin {DetectMon Stab+ Stlth++} for 948 gold pieces
 53727 | Bazaar   | Bought a wand of paralysis (13) for 195 gold pieces
 53745 | Bazaar   | Bought a smoking whip for 187 gold pieces
 53774 | Vaults:1 | Identified the +11 whip "Goblinbane" {venom, Int+6 Stlth+} (You bought it in a shop in a bazaar)
 53840 | Vaults:1 | Noticed Nikola
 53899 | Vaults:1 | Reached skill level 1 in Maces & Flails
 56581 | Vaults:1 | HP: 5/145 [Nikola/chain lightning (15)]
 57924 | Vaults:2 | Reached XP level 19. HP: 151/151 MP: 32/32
 58056 | Vaults:2 | Found a glowing golden altar of the Shining One.
 58906 | Vaults:2 | Identified 2 scrolls of acquirement
 59428 | Vaults:2 | Reached skill level 23 in Stealth
 59696 | Vaults:3 | Reached skill level 5 in Conjurations
 59760 | Vaults:3 | Noticed Mennas
 59764 | Vaults:3 | Killed Mennas
 59764 | Vaults:3 | Reached skill level 10 in Spellcasting
 60147 | Vaults:3 | Noticed Jorgrun
 60154 | Vaults:3 | Killed Jorgrun
 60410 | Vaults:3 | Noticed Frederick
 61126 | Vaults:3 | Found a staircase to the Crypt.
 61332 | Vaults:3 | Was placed under penance by Dithmenos
 61341 | Vaults:3 | Killed Frederick
 61704 | Vaults:2 | Was forgiven by Dithmenos
 62052 | Vaults:3 | Got a pitted mace
 62053 | Vaults:3 | Identified the +4 mace "Satter" {venom, Dex+3} (You found it on level 3 of the Vaults)
 62393 | Vaults:4 | Reached XP level 20. HP: 160/160 MP: 34/34
 63012 | Vaults:4 | Noticed Aizul
 63049 | Vaults:4 | Killed Aizul
 64281 | Vaults:5 | Entered Level 5 of the Vaults
 64469 | Vaults:4 | Reached skill level 10 in Charms
 65430 | Vaults:5 | Found Keko Ugemomm's Magic Scroll Shop.
 65444 | Vaults:5 | Reached skill level 24 in Stealth
 65454 | Vaults:5 | Found Suilad's Food Boutique.
 65465 | Vaults:5 | Found Poyram's Distillery.
 65469 | Vaults:5 | Bought a potion of haste for 140 gold pieces
 65469 | Vaults:5 | Bought a potion of resistance for 140 gold pieces
 65469 | Vaults:5 | Bought a potion of magic for 112 gold pieces
 65469 | Vaults:5 | Bought a potion of brilliance for 56 gold pieces
 65469 | Vaults:5 | Bought a potion of haste for 140 gold pieces
 65469 | Vaults:5 | Bought a potion of haste for 140 gold pieces
 65469 | Vaults:5 | Bought a potion of curing for 42 gold pieces
 65469 | Vaults:5 | Bought a potion of heal wounds for 70 gold pieces
 65469 | Vaults:5 | Bought a potion of heal wounds for 70 gold pieces
 65469 | Vaults:5 | Bought a potion of brilliance for 56 gold pieces
 65478 | Vaults:5 | Found Lytwull's Food Shoppe.
 65489 | Vaults:5 | Found Hastu's Magic Scroll Boutique.
 65512 | Vaults:5 | Found Kiofrest's Magic Scroll Shop.
 65520 | Vaults:5 | Found Bingiups's Magic Scroll Emporium.
 65536 | Vaults:5 | Found Etetot's Food Shoppe.
 65710 | Vaults:5 | Noticed an ancient lich
 65721 | Vaults:5 | Killed an ancient lich
 65721 | Vaults:5 | Reached XP level 21. HP: 167/167 MP: 35/35
 65749 | Vaults:5 | Reached skill level 10 in Ice Magic
 65887 | Vaults:5 | Reached skill level 15 in Fighting
 66332 | Vaults:5 | Identified the Tome of Icy Sinister Arts
 66460 | Vaults:5 | Learned a level 4 spell: Control Teleport
 66721 | Vaults:5 | Bought a scroll of silence for 172 gold pieces
 66732 | Vaults:5 | Got a silver rune of Zot
 66950 | Vaults:1 | Killed Nikola
 67283 | Orc:3    | Killed totalnoob's ghost
 67481 | Elf:1    | Entered Level 1 of the Elven Halls
 67583 | Elf:1    | Found a shimmering altar of Xom.
 68593 | Elf:1    | Identified the Collected Works on Supportive Arcane Weapons
 68601 | Elf:1    | Learned a level 6 spell: Bolt of Cold
 70441 | Elf:2    | Reached skill level 25 in Stealth
 70500 | Elf:2    | Found Bareg's Antique Weapon Shop.
 70835 | Elf:2    | Found a runed gate.
 70835 | Elf:2    | Found a runed gate.
 70836 | Elf:2    | Found a runed gate.
 71673 | Elf:3    | Entered Level 3 of the Elven Halls
 71715 | Elf:3    | Reached XP level 22. HP: 176/176 MP: 30/36
 72547 | Elf:3    | Noticed Norris
 72554 | Elf:3    | Killed Norris
 73009 | Elf:3    | Killed from afar by a hellion

Vault maps used:
D:1:      lemuel_arrival_behind_the_door_large
D:2:      nicolae_overflow_crystal_walls, lemuel_doored_altar,
          lemuel_round_altar, lemuel_crystal_altar, first_bread,
          grunt_decor_fettered, uniq_natasha
D:3:      grunt_ministairs_2, elyvilon_altar_4, uniq_iyjb
D:4:      lightli_temple_of_fire, minivault_4
D:5:      forest_paths, kennysheep_little_box, minmay_misc_feat_diagonals
D:6:      vehumet_crystals, old_standard_altar, serial_shops,
          nicolae_shop_behind_doors, uniq_crazy_yiuf_cottage
D:7:      lemuel_ratsnest, minmay_temple_entry_grid
D:8:      nicolae_qazlal_eye_of_the_storm, serial_glass, glass_columns_b,
          glass_columns_c
D:9:      blue_anna_alchemist, minmay_misc_feat_iff, tgw_trog
D:10:     lair_0_dummy, minmay_orc_entry_temple_small, basic_altar
D:11:     lemuel_bear_cage
D:12:     uniq_maud, uniq_sonja
D:13:     uniq_maurice, uniq_snorg, uniq_erolcha, uniq_nessos
D:14:     grunt_vaults_entry_fortified, grunt_dithmenos_shadows
D:15:     gammafunk_enter_depths_forms, serial_shops, shop,
          kennysheep_flooded_box
Temple:   chambers_temple_10
Lair:1:   lemuel_reptile_caves, st_stairs_9, bh_autumn_forest_stairs
Lair:2:   dragon1_lemuel
Lair:4:   grunt_megastairs_3, lemuel_fruit_fields, lemuel_fruit_fields,
          serial_bayou_shore_a
Lair:5:   lemuel_fruit_fields
Lair:6:   elwin_shoals_entry_rocks, guppyfry_snake_entry_garden, slime_altar_1,
          basic_altar, lemuel_fruit_tree
Lair:7:   kennysheep_rathole, grunt_megastairs_1
Lair:8:   hangedman_lair_in_review, portal_ice_cave_entry_dragon
Shoals:1: ldierk_geyser, ldierk_geyser, nicolae_shoals_square_sea_wall,
          uniq_josephine, uniq_louise, uniq_roxanne
Shoals:4: shoals_end_hangedman, shoal_ilsuiw
Snake:2:  serial_corexii_hall, corexii_hall_statues_l, corexii_hall_statues_u,
          uniq_saint_roka
Snake:3:  basic_altar, grunt_ministairs_8
Snake:4:  snake_pit
Orc:1:    basic_altar, trog_butcher_becter
Orc:2:    statue_in_the_mist_lemuel, nicolae_orc_rockfall, uniq_harold
Orc:3:    basic_altar, nicolae_orc_pool_cavern, nicolae_orc_bridge_out,
          uniq_rupert
Orc:4:    grunt_orc_community_town_hall, grunt_orc_community_big_house_2,
          grunt_orc_community_big_house_2, grunt_orc_community_house_2,
          grunt_orc_community_house_1, grunt_orc_community_house_2,
          grunt_orc_community_house_2, grunt_orc_community_house_3, basic_altar,
          guppyfry_library_mini, uniq_donald
Elf:1:    basic_altar, minmay_elf_sorcery, grunt_ministairs_2, spider_trap,
          einodemon_barbed_minivault
Elf:2:    serial_shops, shop
Elf:3:    elf_hall, nicolae_elf_m_pinch, hangedman_glass_teeth,
          fake_guardian_serpent_vault, uniq_norris
Vaults:1: nicolae_vaults_lopsided_apartments, hangedman_vaults_restitches,
          nicolae_vaults_angled_halls, v_misc_4, nicolae_vaults_alarming,
          dpeg_vaults_monster_row, ontoclasm_vaults_gateway, serial_shops,
          freezing_bzr, uniq_nikola
Vaults:2: vaults_room_octagon, vaults_mumra_hex, vaults_room_fancy_cross,
          v_misc_28, ontoclasm_vaults_ligature, v_misc_12,
          dpeg_vaults_pockets_of_resistance, v_pattern_5, vaults_room_door_hall,
          nicolae_vaults_shelves_hall, basic_altar
Vaults:3: nicolae_vaults_little_squares_5, v_misc_19, v_misc_25,
          nicolae_vaults_little_squares_3, vaults_dpeg_ring,
          hangedman_vaults_nails, st_cells, minmay_crypt_entry_simple_sparse,
          grunt_vaults_funnel, v_rooms_3, v_misc_25,
          nicolae_vaults_little_squares_5, uniq_jorgrun, uniq_frederick,
          uniq_mennas
Vaults:4: nicolae_vaults_triangles, vaults_mumra_chevron_long,
          vaults_dpeg_diagonal, hangedman_vaults_nails, vaults_mumra_lcd,
          vaults_room_stairs_pillars, nicolae_vaults_hallways_thing,
          hangedman_vaults_slice, vaults_room_door_hall,
          hangedman_vaults_variations, hangedman_vaults_stretched_pinwheel,
          ontoclasm_vaults_misaligned, uniq_aizul
Bazaar:   bazaar_minmay_cross
IceCv:    ice_cave_caverns_02

Action                   |  1- 3 |  4- 6 |  7- 9 | 10-12 | 13-15 | 16-18 | 19-21 | 22-24 || total
-------------------------+-------+-------+-------+-------+-------+-------+-------+-------++-------
Melee: Dagger            |    68 |   122 |   540 |   223 |  1414 |   844 |   761 |       ||  3972
       Whip              |       |       |       |       |       |    48 |       |       ||    48
       Quick blade       |       |       |       |       |       |       |   331 |    59 ||   390
       Unarmed           |       |       |       |       |       |       |       |    34 ||    34
 Cast: Corona            |     7 |     1 |     2 |     9 |     6 |    10 |     1 |       ||    36
       Ensorcelled Hiber |     4 |    40 |   146 |   166 |   386 |    91 |    69 |     5 ||   907
       Confuse           |       |     1 |    16 |     7 |    50 |   143 |   104 |    11 ||   332
       Dazzling Spray    |       |       |       |     3 |     4 |   395 |   310 |    31 ||   743
       Ozocubu's Armour  |       |       |       |       |     2 |    13 |    24 |     1 ||    40
       Blink             |       |       |       |       |       |     9 |     3 |     2 ||    14
       Tukima's Dance    |       |       |       |       |       |    24 |    17 |     1 ||    42
       Summon Butterflie |       |       |       |       |       |     1 |       |       ||     1
Invok: Shadow Step       |       |       |       |       |       |     1 |     1 |       ||     2
 Abil: End Transformatio |       |       |       |       |       |       |       |     3 ||     3
       Bat Form          |       |       |       |       |       |       |       |     3 ||     3
Evoke: Wand              |       |       |     1 |       |     7 |     8 |     2 |       ||    18
  Use: Scroll            |     4 |     1 |    17 |     4 |    15 |    10 |    21 |     2 ||    74
       Potion            |       |     3 |     1 |    11 |     7 |    15 |     5 |     4 ||    46
 Stab: Sleeping          |    12 |    33 |   131 |   137 |   443 |   154 |   185 |    14 ||  1109
       Distracted        |       |     2 |     2 |     4 |    20 |    17 |    27 |     1 ||    73
       Confused          |       |     1 |     7 |     4 |    40 |    55 |    58 |       ||   165
       Invisible         |       |       |       |     2 |     2 |   144 |   110 |     3 ||   261
